 Dungeon Crawl Stone Soup version 0.17-a0-2055-gb4e23be (webtiles) character file.

69 radek the Conjurer (level 4, -3/24 HPs)
             Began as a Deep Elf Conjurer on Oct 11, 2015.
             Killed from afar by cireshan's ghost (6 damage)
             ... with a magic dart
             ... on level 3 of the Dungeon.
             The game lasted 00:11:58 (2083 turns).

radek the Conjurer (Deep Elf Conjurer)              Turns: 2083, Time: 00:11:58

Health: -3/24      AC:  4    Str:  6    XL:     4   Next: 2%
Magic:  3/10       EV: 13    Int: 20    God:
Gold:   177        SH:  0    Dex: 15    Spells: 1 memorised, 8 levels left

rFire  . . .     SeeInvis .     (no weapon)
rCold  + + +     Clarity  .     j - +2 robe {rC+}
rNeg   . . .     SustAt   .     (no shield)
rPois  .         Gourm    .     (no helmet)
rElec  .         Spirit   .     (no cloak)
rCorr  .         Warding  .     (no gloves)
rMut   .         Stasis   .     (no boots)
MR     .....                    (no amulet)
Stlth  ++........               m - ring of protection from cold
                                k - ring of protection from cold

@: not resistant to hostile enchantments, unstealthy
A: no striking features
a: no special abilities


You were on level 3 of the Dungeon.
You were not hungry.

You visited 1 branch of the dungeon, and saw 3 of its levels.

You collected 177 gold pieces.

Inventory:

Armour
 a - a +0 robe
 g - a +0 robe
 j - a +2 robe of cold resistance (worn)
 p - a +0 robe
Jewellery
 k - a ring of protection from cold (left hand)
 m - a ring of protection from cold (right hand)
Scrolls
 c - a scroll of teleportation {unknown}
 e - 3 scrolls of remove curse {unknown}
 f - 4 scrolls of identify {unknown}
 n - a scroll of blinking {unknown}
 r - a scroll of enchant armour {unknown}
Potions
 d - a potion of resistance {unknown}
 h - 4 potions of curing {unknown}
 i - a potion of lignification {unknown}
Books
 b - a book of Conjurations

   Spells                             Type                      Level
   a - Magic Dart                     Conjuration                  1
   b - Searing Ray                    Conjuration                  2
   c - Dazzling Spray                 Conjuration/Hexes            3
   d - Fulminant Prism                Conjuration/Hexes            4
   e - Iskenderun's Mystic Blast      Conjuration                  4
   f - Iskenderun's Battlesphere      Conjuration/Charms           5
Comestibles
 l - 2 beef jerkies
 o - a meat ration
 q - a chunk of flesh


   Skills:
 - Level 2.4 Dodging
 - Level 2.4 Stealth
 - Level 3.0 Spellcasting
 * Level 6.2 Conjurations


You had 8 spell levels left.
You knew the following spells:

 Your Spells              Type           Power        Failure   Level  Hunger
a - Magic Dart            Conj           ####         1%          1    None


Dungeon Overview and Level Annotations

Branches:
Dungeon (3/15)

Altars:

Annotations:
D:3 cireshan's ghost, amateur DECj


Message History

Press: ? - help, Shift-Dir - straight line, f/p - cireshan's ghost
Aim: cireshan's ghost (severely damaged)
The magic dart hits cireshan's ghost.
Cireshan's ghost is severely damaged.
Cireshan's ghost says, "I will blast you to bits."
Cireshan's ghost casts a spell at you. The magic dart hits you!
Casting: Magic Dart
Confirm with . or Enter, or press ? or * to list all spells.
Aiming: Magic Dart
Press: ? - help, Shift-Dir - straight line, f/p - cireshan's ghost
Aim: cireshan's ghost (severely damaged)
The magic dart hits cireshan's ghost.
Cireshan's ghost is severely damaged.
Cireshan's ghost gestures at you while chanting.
The magic dart hits you!
* * * LOW HITPOINT WARNING * * *
Cireshan's ghost points at you and mumbles some strange words.
The magic dart hits you!
You die...

... #[ ..# .. #.# #. #.#
#. #.# .. #.###.#
#########.
....##..##.######.........
.......)........W.....<.>#
...###.##.###@##.#.......
#.##.# #.##.#?####..
#.##.# #.##.#.# #..#.#
#.##.#.. ...####.#.#
#.##.### .......[..#
#.##.# #######..## #.##.#
##.# #.# #.# #.#


You could see cireshan's ghost.

Vanquished Creatures
  2 adders (D:2)
  3 worms (D:2)
  A giant gecko (D:1)
  5 bats
  A giant cockroach (D:2)
  5 goblins
  6 hobgoblins
  2 jackals (D:2)
  4 kobolds
  A quokka (D:2)
  A ball python (D:1)
  6 giant newts
  6 rats
43 creatures vanquished.

Notes
Turn   | Place    | Note
--------------------------------------------------------------
     0 | D:1      | radek the Deep Elf Conjurer began the quest for the Orb.
     0 | D:1      | Reached XP level 1. HP: 10/10 MP: 6/6
   284 | D:1      | Reached XP level 2. HP: 15/15 MP: 4/8
   396 | D:1      | Reached skill level 5 in Conjurations
  1263 | D:2      | Reached XP level 3. HP: 19/19 MP: 7/9
  1506 | D:2      | Reached skill level 6 in Conjurations
  1935 | D:3      | Reached XP level 4. HP: 24/24 MP: 4/10
  2046 | D:3      | Noticed cireshan's ghost (amateur DECj)
  2083 | D:3      | Killed from afar by cireshan's ghost

Vault maps used:
D:1:      ncdulo_halloftheorcs, st_stairs_11
D:3:      uniq_robin, uniq_grinder

Action                   |  1- 3 |  4- 6 || total
-------------------------+-------+-------++-------
 Cast: Magic Dart        |    94 |    12 ||   106
  Eat: Bread ration      |     1 |       ||     1
